 Dungeon Crawl Stone Soup version 0.29-a0-341-g24ffce5b50 (webtiles) character file.

Game seed: 9951433031462065970

52 KateM the Shield-Bearer (level 3, -2/29 (33) HPs)
             Began as a Minotaur Fighter on Apr 20, 2022.
             Slain by Terence
             ... wielding the +7 Throatcutter {drain, coup de grace}
              (3 damage)
             ... on level 3 of the Dungeon.
             The game lasted 00:01:17 (1420 turns).

KateM the Shield-Bearer (Minotaur Fighter)          Turns: 1420, Time: 00:01:20

HP:   -2/29 (33)    AC:  7    Str: 22    XL:     3   Next: 60%
MP:   2/2           EV:  9    Int:  5    God:
Gold: 107           SH:  4    Dex:  9    Spells: 2/2 levels left

rFire   . . .      SeeInvis .   a - +0 flail
rCold   . . .      Faith    .   c - +0 buckler
rNeg    . . .      Spirit   .   b - +0 scale mail
rPois   .          Reflect  .   (helmet restricted)
rElec   .          Harm     .   (no cloak)
rCorr   .          Rampage  .   (no gloves)
Will    .....                   (no boots)
Stlth   ..........              (no amulet)
HPRegen 0.09/turn               (no ring)
MPRegen 0.08/turn               (no ring)

@: heavily drained
A: horns 2, retaliatory headbutt
a: no special abilities


You were on level 3 of the Dungeon.
You visited 1 branch of the dungeon, and saw 3 of its levels.

You collected 107 gold pieces.

Inventory:

Hand Weapons
 a - a +0 flail (weapon)
Armour
 b - a +0 scale mail (worn)
 c - a +0 buckler (worn)
Scrolls
 e - 2 scrolls of teleportation {unknown}
 f - a scroll of magic mapping {unknown}
 j - 3 scrolls of identify {unknown}
 l - a scroll of enchant weapon {unknown}
 o - a scroll of fog {unknown}
Potions
 d - a potion of might
 g - a potion of flight {unknown}
 h - a potion of invisibility {unknown}
 i - a potion of ambrosia {unknown}
 k - a potion of magic {unknown}
 m - a potion of brilliance {unknown}
 n - a potion of experience {unknown}
 p - 2 potions of resistance {unknown}


   Skills:
 + Level 4.1 Fighting
 * Level 3.5 Maces & Flails
 + Level 4.1 Armour
 + Level 4.1 Shields


You had 2 spell levels left.
You didn't know any spells.
Your spell library was empty.

Dungeon Overview and Level Annotations

Branches:
Dungeon (3/15)

Altars:
Okawaru

Shops:
D:1 [   D:3 *

Annotations:
D:3 Terence


Innate Abilities, Weirdness & Mutations

You have a pair of horns on your head.
You reflexively headbutt those who attack you in melee.


Message History

No target in view!
Things that are here:
a +0 club; a ball python corpse No target in view!
Found Kaag's General Store.
No target in view!
Found 18 stones and a whip.
There is an entrance to Kaag's General Store here.
No target in view!
A rat comes into view.
A goblin and Terence come into view.
Terence is wielding the +7 Throatcutter {drain, coup de grace} and carrying a wand of flame (9).
Found a white potion and 8 gold pieces.
Found a stone staircase leading up.
The goblin shouts!
Terence shouts!
You hear an angry hiss.
A dart slug comes into view.
There are monsters nearby!
A goblin comes into view. It is wielding a +0 spear.
Found a forked gold wand.
Found an iron altar of Okawaru.
An endoplasm comes into view.
A ball python comes into view.
There are monsters nearby!
The ball python hisses angrily.
The endoplasm quivers.
The rat bites you.
There are monsters nearby!
You sock the rat!
You kill the rat!
Terence hits you with the +7 Throatcutter {drain, coup de grace}!
You feel drained.
You sock Terence! You headbutt Terence, but do no damage.
Terence is moderately wounded.
The dart slug launches a dart at you. You block the slug dart.
Terence hits you but does no damage.
You feel drained.
You barely miss Terence. Your headbutt misses Terence.
Terence is moderately wounded.
The ball python barely misses you. The ball python closely misses you.
Terence hits you with the +7 Throatcutter {drain, coup de grace}!
Ouch! That really hurt!
* * * LOW HITPOINT WARNING * * *
You feel drained.
You die...

........##
...<.....####### #.#
...........≈g≈.. #.#
...........≈≈≈.8 #).
............$w8_ #.# .
......J....≈≈≈.8 #.# .
......S....≈g≈.. #.###..
......@@..## ####......
...........# #.##....#.
.........#.####....(###.
...!.....#...##..∩#####.
.........###............
........## ##.....####.#
#/.....## ###...####.#
####### #..#.......
#..######).


You could see Terence, a dart slug, an endoplasm, 2 goblins and a ball python.

Vanquished Creatures
  2 adders (D:2)
  A dart slug (D:1)
  2 endoplasms
  2 giant cockroaches
  3 goblins
  5 hobgoblins
  2 jackals (D:2)
  3 kobolds (D:1)
  5 ball pythons
  2 bats (D:1)
  A frilled lizard (D:2)
  2 rats
30 creatures vanquished.

Vanquished Creatures (others)
  12 plants (D:2)
12 creatures vanquished.

Grand Total: 42 creatures vanquished

Notes
Turn   | Place    | Note
-------+----------+-------------------------------------------
     0 | D:1      | KateM the Minotaur Fighter began the quest for the Orb.
     0 | D:1      | Reached XP level 1. HP: 19/19 MP: 0/0
   231 | D:1      | Reached XP level 2. HP: 27/27 MP: 1/1
   450 | D:1      | Found Nerej's Antique Armour Shop.
   722 | D:2      | Reached XP level 3. HP: 33/33 MP: 2/2
   734 | D:2      | Found a faded altar of an unknown god.
  1394 | D:3      | Found Kaag's General Store.
  1415 | D:3      | Noticed Terence
  1416 | D:3      | Found an iron altar of Okawaru.
  1420 | D:3      | HP: 1/30 [Terence/the +7 Throatcutter {drain, coup de
                  | grace} (15)]
  1420 | D:3      | Slain by Terence

Illustrated notes

Levels and vault maps discovered:
D:1:      zelgadis_glass_arrival_small, layout_rooms, serial_shops, shop
D:2:      layout_loops_ring, shapermc_ecumenical_altar_hornbeckon
D:3:      layout_rooms, kennysheep_okawaru_gauntlet, serial_shops, shop,
          uniq_crazy_yiuf_cottage, uniq_terence

Skill      XL: |  1  2 |
---------------+-------+-----
Maces & Flails | 3 |  3.5
Fighting       | 4 |  4.1
Armour         | 4 |  4.1
Shields        | 4 |  4.1

Action                   || total
-------------------------++-------
Melee: Flail             ||    69
       Headbutt          ||     6
Armor: Scale mail        ||    36
Dodge: Dodged            ||    28
Block: Buckler           ||    26

Table legend: (Time is in decaauts)
 A = Elapsed time spent in this place.
 B = Non-inter-level travel time spent in this place.
 C = Inter-level travel time spent in this place.
 D = Time resting spent in this place.
 E = Time spent auto-exploring this place.
 F = Levels seen in this place.
 G = Mean time per level.
                   A        B        C        D        E       F      G
               +--------+--------+--------+--------+--------+-----+--------+
         Total |   1441 |   1441 |      0 |      0 |   1198 |   3 |  480.3 |
       Dungeon |   1441 |   1441 |      0 |      0 |   1198 |   3 |  480.3 |
               +--------+--------+--------+--------+--------+-----+--------+

Top non-repeatable levels by time:
     D:2: 886 daAuts
     D:1: 518 daAuts
     D:3: 36 daAuts
